cohdb
Replays
Latest Replays
All Replays
Popular Replays
Top Player Replays
Match Explorer
How It Works
Community
CoH3 Stats
Reddit
Sign in to upload your games and track your stats! →
Sign in with Steam
Match 45996306
Unlisted
Match 45996306
Overview
Messages
Build Orders
End
Kradschützen Motorcycle Team
Panzergrenadier Squad
Panzergrenadier Squad
Panzergrenadier Squad
Construct Light Support Kompanie
Fire Support Elements
Panzerjäger Mechanized Group
Flakvierling Half-track
Veteran Squad Leaders
Selects Battlefield Espionage Battlegroup
Selects 250/3 Funkpanzerwagen
Selects Sector Subterfuge Beacon
Selects Plunder
Vehicle Survival Package
Selects Anti-Tank Incendiary Munitions
Pak 38 Mechanized Group
Construct Panzerarmee Kommand
Panzer III L Medium Tank
T.R. Olvadi
Nico-Nico-Nii~~
bobik
MightySwift
0
0
Comments
sign in to comment!
No comments posted yet!